 Dungeon Crawl Stone Soup version 0.21-a0-110-g8e1637b (webtiles) character file.

60 Ordine the Conjurer (level 4, -1/24 HPs)
             Began as a Tengu Wizard on July 10, 2017.
             Slain by Terence
             ... wielding a +0 flail
              (9 damage)
             ... on level 2 of the Dungeon.
             The game lasted 00:03:13 (1490 turns).

Ordine the Conjurer (Tengu Wizard)                  Turns: 1490, Time: 00:03:14

Health: -1/24      AC:  3    Str:  8    XL:     4   Next: 4%
Magic:  0/10       EV: 12    Int: 19    God:
Gold:   93         SH:  0    Dex: 12    Spells: 6/9 levels left

rFire    . . .     SeeInvis .   n - +4 hand axe (elec)
rCold    . . .     Gourm    .   (no shield)
rNeg     . . .     Faith    .   a - +0 robe
rPois    .         Spirit   .   b - +0 hat
rElec    .         Reflect  .   (no cloak)
rCorr    .         Harm     .   i - +0 pair of gloves
MR       .....                  (boots unavailable)
Stlth    ++........             o - amulet of inaccuracy (curse)
HPRegen  0.08/turn              (no ring)
MPRegen  0.12/turn              (no ring)

@: very slightly contaminated, invisible
A: beak, talons 3
a: no special abilities


You were on level 2 of the Dungeon.
You were not hungry.

You visited 1 branch of the dungeon, and saw 2 of its levels.

You collected 93 gold pieces.

Inventory:

Hand Weapons
 n - a +4 hand axe of electrocution (weapon)
Armour
 a - a +0 robe (worn)
 b - a +0 hat (worn)
 i - a +0 pair of gloves (worn)
 q - a +0 leather armour
Jewellery
 o - a cursed amulet of inaccuracy (around neck)
Scrolls
 e - a scroll of remove curse {unknown}
 g - a scroll of amnesia {unknown}
 j - 5 scrolls of identify {unknown}
 k - 2 scrolls of enchant weapon {unknown}
 s - a scroll of teleportation {unknown}
Potions
 m - 2 potions of curing {unknown}
 p - 2 potions of brilliance {unknown}
 r - a potion of magic {unknown}
Books
 c - a book of Minor Magic

   Spells                             Type                      Level
   a - Magic Dart                     Conjuration                  1
   b - Blink                          Translocation                2
   c - Call Imp                       Summoning                    2
   d - Slow                           Hexes                        2
   e - Conjure Flame                  Conjuration/Fire             3
   f - Mephitic Cloud                 Conjuration/Poison/Air       3
Comestibles
 d - a bread ration
 f - a meat ration
 t - a royal jelly


   Skills:
 - Level 2.1 Dodging
 + Level 2.9 Stealth
 + Level 3.3 Spellcasting
 * Level 3.3 Conjurations
   Level 1.2 Summonings
 + Level 1.0 Translocations


You had 6 spell levels left.
You knew the following spells:

 Your Spells              Type           Power        Failure   Level  Hunger
a - Magic Dart            Conj           ###.         3%          1    None
b - Blink                 Tloc           N/A          14%         2    ##.....


Dungeon Overview and Level Annotations

Branches:
Dungeon (2/15)

Altars:

Annotations:
D:2 Terence


Innate Abilities, Weirdness & Mutations

You have a beak for a mouth.
You have claws for feet.


Message History

You barely miss Terence. You claw Terence. You peck Terence, but do no damage.
Terence is heavily wounded.
Terence hits you with a flail!
You are too injured to fight recklessly!
You are too injured to fight recklessly!
It was a potion of invisibility.
You fade into invisibility!
Terence barely misses you.
Casting: Magic Dart
Confirm with . or Enter, or press ? or * to list all spells.
Aiming: Magic Dart
Press: ? - help, Shift-Dir - straight line, f/p - Terence
Aim: Terence, wielding a flail and wearing a scale mail (heavily wounded)
The magic dart hits Terence.
Terence is severely wounded.
Terence barely misses you.
You miss Terence. You peck Terence, but do no damage.
Terence is severely wounded.
Terence hits you with a flail!
You die...

### ...
#####.###
......@.#
#@## #.#
#..## #.#
#...# #
#.# #...#
## #.#
#...## .#
#.#
##...# .#
#.#
#...## .#
#.#
##...##
.#
###.#####
##...##


You could see Terence.

Vanquished Creatures
  An adder (D:2)
  An ooze (D:1)
  A worm (D:2)
  5 dart slugs (D:1)
  A leopard gecko (D:1)
  A ball python (D:2)
  2 bats (D:1)
  A giant cockroach (D:1)
  3 goblins (D:1)
  4 hobgoblins (D:1)
  2 jackals (D:1)
  4 kobolds
  4 rats (D:1)
30 creatures vanquished.

Notes
Turn   | Place    | Note
-------+----------+-------------------------------------------
     0 | D:1      | Ordine the Tengu Wizard began the quest for the Orb.
     0 | D:1      | Reached XP level 1. HP: 10/10 MP: 5/5
   162 | D:1      | Reached XP level 2. HP: 10/15 MP: 0/7
   675 | D:1      | Reached XP level 3. HP: 19/19 MP: 1/8
   809 | D:1      | Learned a level 2 spell: Blink
  1258 | D:2      | Reached skill level 1 in Translocations
  1258 | D:2      | Reached XP level 4. HP: 24/24 MP: 1/10
  1473 | D:2      | Noticed Terence
  1490 | D:2      | Slain by Terence

Vault maps used:
D:1:      lightli_arrival_statue_moat, st_stairs_4, minmay_tetromino_t2
D:2:      minitemple, serial_curves, eino_curves_02, eino_curves_02,
          uniq_terence

Skill      XL: |  1  2  3 |
---------------+----------+-----
Conjurations   | 2 3 |  3.3
Translocations | 1 |  1.0
Dodging        | |  2.1
Stealth        | |  2.9
Spellcasting   | |  3.3
Summonings     | |  1.2

Action                   |  1- 3 |  4- 6 || total
-------------------------+-------+-------++-------
Melee: Unarmed           |     8 |       ||     8
       Hand axe          |     8 |     4 ||    12
       Kick              |     3 |     1 ||     4
       Peck              |     2 |     2 ||     4
 Cast: Magic Dart        |    72 |    12 ||    84
  Use: Potion            |       |     1 ||     1
  Eat: Chunk             |     1 |     1 ||     2
Armor: Robe              |     9 |       ||     9
Dodge: Dodged            |    12 |     7 ||    19
